 Dungeon Crawl Stone Soup version 0.26-a0-651-gb41185065b (webtiles) character file.

Game seed: 16192681716554077123

130 Irenicus the Digger (level 4, 0/36 HPs)
             Began as a Deep Dwarf Earth Elementalist on Oct 11, 2020.
             Slain by Terence
             ... wielding a +2 hand axe of electrocution
              (1 damage)
             ... on level 3 of the Dungeon.
             The game lasted 00:08:31 (1262 turns).

Irenicus the Digger (Deep Dwarf Earth Elementalist) Turns: 1262, Time: 00:08:32

Health: 0/36       AC:  3    Str: 12    XL:     4   Next: 89%
Magic:  1/6        EV: 12    Int: 16    God:
Gold:   131        SH:  0    Dex: 13    Spells: 3/6 levels left

rFire    . . .     SeeInvis .   p - +2 dagger (freeze)
rCold    . . .     Faith    .   (no shield)
rNeg     + . .     Spirit   .   h - +0 leather armour
rPois    .         Reflect  .   (no helmet)
rElec    .         Harm     .   (no cloak)
rCorr    .         Rampage  .   (no gloves)
MR       .....                  (no boots)
Stlth    ++........             (no amulet)
HPRegen  0.00/turn              r - ring of positive energy {rN+}
MPRegen  0.10/turn              (no ring)

@: non-regenerating
A: damage resistance, heal wounds, sense surroundings 1, no regeneration
a: Heal Wounds


You were on level 3 of the Dungeon.
You visited 1 branch of the dungeon, and saw 3 of its levels.

You collected 131 gold pieces.

Inventory:

Hand Weapons
 p - a +2 dagger of freezing (weapon)
   (You took it off a goblin on level 2 of the Dungeon)
Missiles
 b - 77 stones (quivered)
Armour
 c - a +0 robe
 h - a +0 leather armour (worn)
   (You found it on level 1 of the Dungeon)
Magical Staves
 q - an uncursed staff of fire {rF+}
   (You found it on level 3 of the Dungeon)
Jewellery
 r - a ring of positive energy (left hand) {rN+}
   (You found it on level 3 of the Dungeon)
Scrolls
 a - a scroll of magic mapping {unknown}
 d - 2 scrolls of blinking {unknown}
 i - 4 scrolls of remove curse {unknown}
 j - 3 scrolls of teleportation {unknown}
 l - a scroll of immolation {unknown}
 n - 2 scrolls of amnesia {unknown}
Potions
 e - a potion of heal wounds {unknown}
 f - 2 potions of flight {unknown}
 g - a potion of magic {unknown}
 k - 3 potions of curing {unknown}
 m - 2 potions of cancellation {unknown}
 o - a potion of stabbing {unknown}


   Skills:
 - Level 2.1 Dodging
 - Level 2.4 Stealth
 - Level 1.7 Spellcasting
 - Level 0.8 Transmutations
 + Level 7.5 Earth Magic


You had 3 spell levels left.
You knew the following spells:

 Your Spells              Type           Power        Failure   Level
a - Sandblast             Erth           ####..       1%          1
w - Passwall              Tmut/Erth      ##......     8%          2

Your spell library contained the following spells:

 Spells                   Type           Power        Failure   Level
 Stone Arrow              Conj/Erth      ##....       17%         3
 Lee's Rapid Deconstruct  Erth           ####......   34%         5
 Petrify                  Tmut/Erth      ##......     43%         4


Dungeon Overview and Level Annotations

Branches:
Dungeon (3/15)

Altars:

Annotations:
D:3 Terence


Innate Abilities, Weirdness & Mutations

You are resistant to damage.
You can heal yourself by infusing magical energy.
You passively map a small area around you.
You do not regenerate.


Message History

Confirm with . or Enter, or press ? or * to list all spells.
Aiming: Sandblast (safe; 1% risk of failure)
Press: ? - help, Shift-Dir - straight line, f - leopard gecko
Aim: a leopard gecko (asleep)
The blast of sand hits the leopard gecko.
You kill the leopard gecko!
b - 72 stones You now have 2/6 mp.
A hobgoblin comes into view.
b - 83 stones (gained 11)
j - 3 scrolls labeled YKHLAI ZUUCSO (gained 1) MP restored: 6 A rat comes into view.
You barely miss the rat. The rat barely misses you.
You hit the rat but do no damage. The rat bites you but does no damage.
You hit the rat. You freeze the rat.
You kill the rat!
You see here a rat corpse.
Found a stone staircase leading down.
r - a scratched golden ring
r - a ring of positive energy (left hand)
A hobgoblin comes into view.
There is a stone staircase leading down here.
An adder comes into view.
The adder hisses angrily.
Casting: Sandblast (safe; 1% risk of failure)
Confirm with . or Enter, or press ? or * to list all spells.
Aiming: Sandblast (safe; 1% risk of failure)
Press: ? - help, Shift-Dir - straight line, f - hobgoblin
Aim: a hobgoblin The blast of sand hits the hobgoblin!
You kill the hobgoblin!
b - 82 stones You now have 5/6 mp.
Casting: Sandblast (safe; 1% risk of failure)
Confirm with . or Enter, or press ? or * to list all spells.
Aiming: Sandblast (safe; 1% risk of failure)
Press: ? - help, Shift-Dir - straight line, f - adder
Aim: an adder The blast of sand hits the adder!
You kill the adder!
b - 81 stones You now have 4/6 mp.
A hobgoblin comes into view. It is wielding a +0 club.
Casting: Sandblast (safe; 1% risk of failure)
Confirm with . or Enter, or press ? or * to list all spells.
Aiming: Sandblast (safe; 1% risk of failure)
Press: ? - help, Shift-Dir - straight line, f - hobgoblin
Aim: a hobgoblin, wielding a +0 club (asleep)
The blast of sand hits the hobgoblin but does no damage.
The hobgoblin shouts!
b - 80 stones You now have 3/6 mp.
The hobgoblin hits you but does no damage.
Casting: Sandblast (safe; 1% risk of failure)
Confirm with . or Enter, or press ? or * to list all spells.
Aiming: Sandblast (safe; 1% risk of failure)
Press: ? - help, Shift-Dir - straight line, f/p - hobgoblin
Aim: a hobgoblin, wielding a +0 club The blast of sand hits the hobgoblin!!
You kill the hobgoblin!
b - 79 stones You now have 2/6 mp.
You see here a +0 club.
n - 2 scrolls labeled WIUNIC YTEOGG (gained 1)
You see here a +0 club.
Casting: Sandblast (safe; 1% risk of failure)
Confirm with . or Enter, or press ? or * to list all spells.
Press: ? - help, Dir - move target cursor A rock wall.
You begin to meditate on the wall.
You continue meditating on the rock. x2
You finish merging with the rock.
Terence the Incautious comes into view.
He is wielding a +2 hand axe of electrocution.
You now have 3/6 mp.
The helpless Terence fails to defend himself.
You puncture Terence! You freeze Terence.
Terence is heavily wounded.
Terence hits you but does no damage.
Casting: Passwall (safe; 8% risk of failure)
Confirm with . or Enter, or press ? or * to list all spells.
Aiming: Sandblast (safe; 1% risk of failure)
Press: ? - help, Shift-Dir - straight line, f - Terence
Aim: Terence, wielding a +2 hand axe of electrocution and wearing a +3 scale mail (heavily wounded)
The blast of sand hits Terence but does no damage.
Terence is heavily wounded.
b - 78 stones Terence hits you but does no damage.
You are electrocuted!!
Ouch! That really hurt!
* * * LOW HITPOINT WARNING * * *
You take 19 damage, and have 1/36 hp.
MASSIVE DAMAGE!!
You now have 2/6 mp.
Casting: Sandblast (safe; 1% risk of failure)
Confirm with . or Enter, or press ? or * to list all spells.
Aiming: Sandblast (safe; 1% risk of failure)
Press: ? - help, Shift-Dir - straight line, f/p - Terence
Aim: Terence, wielding a +2 hand axe of electrocution and wearing a +3 scale mail (heavily wounded)
The blast of sand hits Terence but does no damage.
Terence is heavily wounded.
b - 77 stones Terence hits you with a +2 hand axe of electrocution.
You die...

######### * ## ## #.......# * ..#
.# #.......# #####..$# .#
#.......# #.......# *
.###.......# #@......# .......
.)..†......# #@....... $......#
.###.###### #######.## .......#
.....# #.......# .......#
.....##########.####### .......#
....>...........†...# .. ....
................###.######.####.#
####.............................
#################.#####.####.#
#..# #.####.#


You could see Terence.

Vanquished Creatures
  A worker ant (D:3)
  4 adders
  An ooze (D:2)
  4 dart slugs
  3 leopard geckos
  4 bats
  3 giant cockroaches
  7 goblins
  6 hobgoblins
  7 jackals
  3 kobolds
  2 quokkas (D:2)
  9 rats
54 creatures vanquished.

Vanquished Creatures (others)
  15 plants (D:2)
15 creatures vanquished.

Grand Total: 69 creatures vanquished

Notes
Turn   | Place    | Note
-------+----------+-------------------------------------------
     0 | D:1      | Irenicus the Deep Dwarf Earth Elementalist began the quest
                  | for the Orb.
     0 | D:1      | Reached XP level 1. HP: 15/15 MP: 3/3
   197 | D:1      | Reached XP level 2. HP: 20/22 MP: 2/4
   312 | D:1      | Reached skill level 5 in Earth Magic
   450 | D:2      | Learned a level 2 spell: Passwall
   511 | D:2      | Reached XP level 3. HP: 26/28 MP: 1/5
   694 | D:2      | Reached skill level 6 in Earth Magic
   939 | D:2      | Reached XP level 4. HP: 29/36 MP: 1/6
  1131 | D:3      | Reached skill level 7 in Earth Magic
  1260 | D:3      | Noticed Terence
  1261 | D:3      | HP: 1/36 [Terence/+2 hand axe of electrocution (19)]
  1262 | D:3      | Slain by Terence

Illustrated notes

Levels and vault maps discovered:
D:1:      wander_arrival_peaceful_grave, layout_loops_ring
D:2:      layout_basic, serial_forest, infiniplex_forest_clump_double,
          infiniplex_forest_end_3, infiniplex_forest_side_room,
          infiniplex_forest_clump_curved, infiniplex_forest_clump_tiny,
          infiniplex_forest_lined_3, infiniplex_forest_clump_medium,
          infiniplex_forest_clump_small, infiniplex_forest_straight_2,
          infiniplex_forest_lined_ring, kennysheep_cluttered_room
D:3:      layout_basic, uniq_terence

Skill      XL: |  1  2  3  4 |
---------------+-------------+-----
Earth Magic    | 5 6 7 |  7.5
Dodging        | |  2.1
Stealth        | |  2.4
Spellcasting   | |  1.7
Transmutations | |  0.8

Action                   |  1- 3 |  4- 6 || total
-------------------------+-------+-------++-------
Melee: Unarmed           |    24 |       ||    24
       Short sword       |    14 |       ||    14
       Dagger            |    10 |    17 ||    27
 Cast: Sandblast         |    35 |    19 ||    54
       Passwall          |    10 |     5 ||    15
 Stab: Sleeping          |     7 |     2 ||     9
Armor: Robe              |     3 |       ||     3
       Leather armour    |    17 |     5 ||    22
Dodge: Dodged            |    42 |     7 ||    49

Table legend: (Time is in decaauts)
 A = Elapsed time spent in this place.
 B = Non-inter-level travel time spent in this place.
 C = Inter-level travel time spent in this place.
 D = Time resting spent in this place.
 E = Time spent auto-exploring this place.
 F = Levels seen in this place.
 G = Mean time per level.
                   A        B        C        D        E       F      G
               +--------+--------+--------+--------+--------+-----+--------+
         Total |   1260 |   1260 |      0 |      0 |      0 |   3 |  420.0 |
       Dungeon |   1260 |   1260 |      0 |      0 |      0 |   3 |  420.0 |
               +--------+--------+--------+--------+--------+-----+--------+

Top non-repeatable levels by time:
     D:2: 620 daAuts
     D:1: 432 daAuts
     D:3: 207 daAuts

Table legend:
 A = Kills in this place as a percentage of kills in entire the game.
 B = Kills by you in this place as a percentage of kills by you in the entire game.
 C = Kills by friends in this place as a percentage of kills by friends in the entire game.
 D = Other kills in this place as a percentage of other kills in the entire game.
 E = Experience gained in this place as a percentage of experience gained in the entire game.
 F = Experience gained in this place divided by the number of levels of this place that you have seen.
                   A       B       C       D       E      F
               +-------+-------+-------+-------+-------+----------------------
         Total | 100.0 | 100.0 |   N/A |   N/A | 100.0 |  62.0
       Dungeon | 100.0 | 100.0 |   N/A |   N/A | 100.0 |  62.0
               +-------+-------+-------+-------+-------+----------------------
